 Dungeon Crawl Stone Soup version 0.18-a0-76-g3fe7f8b (webtiles) character file.

382 ReteAZ the Ruffian (level 6, -1/59 HPs)
             Began as a Troll Fighter on Nov 12, 2015.
             Slain by Pikel
             ... wielding a +2 whip of flaming
              (2 damage)
             ... on level 4 of the Dungeon.
             The game lasted 00:03:28 (2509 turns).

ReteAZ the Ruffian (Troll Fighter)                  Turns: 2509, Time: 00:03:28

Health: -1/59      AC:  5    Str: 25    XL:     6   Next: 47%
Magic:  5/5        EV:  8    Int:  4    God:
Gold:   170        SH:  9    Dex: 11    Spells: 0 memorised, 5 levels left

rFire  . . .     SeeInvis .       - Unarmed
rCold  . . .     Clarity  .     a - +0 robe
rNeg   . . .     SustAt   .     b - +0 shield
rPois  .         Gourm    +     (helmet restricted)
rElec  .         Spirit   .     (no cloak)
rCorr  .         Warding  .     (gloves unavailable)
rMut   .         Stasis   .     (boots unavailable)
MR     +....                    (no amulet)
Stlth  +.........               (no ring)
                                h - ring of protection from magic

@: somewhat resistant to hostile enchantments, very unstealthy
A: unfitting armour, claws 3, fast metabolism 3, gourmand, regeneration 2,
shaggy fur 1, tough skin 2
a: no special abilities


You were on level 4 of the Dungeon.
You were very full.

You visited 1 branch of the dungeon, and saw 4 of its levels.

You collected 170 gold pieces.

Inventory:

Hand Weapons
 x - the +6 trident "Fesuanus" {elec, -Tele Str+4 Int+4, unknown}
   (You found it on level 4 of the Dungeon)

   Occasionally, upon striking a foe, it will discharge some electrical energy
   and cause terrible harm.
   It affects your strength (+4).
   It affects your intelligence (+4).
   It prevents most forms of teleportation.
Armour
 a - a +0 robe (worn)
 b - a +0 shield (worn)
Jewellery
 h - a ring of protection from magic (left claw)
 q - an uncursed ring of ice {unknown}
 u - an uncursed ring of stealth {unknown}
Wands
 w - a wand of enslavement (16)
Scrolls
 e - a scroll of enchant weapon {unknown}
 f - a scroll of blinking {unknown}
 g - a scroll of amnesia {unknown}
 j - a scroll of noise {unknown}
 k - 4 scrolls of remove curse {unknown}
 r - 2 scrolls of identify {unknown}
Potions
 c - 2 potions of might
 m - 2 potions of curing {unknown}
 n - a potion of agility {unknown}
 o - a potion of poison {unknown}
 p - a potion of degeneration {unknown}
 s - a potion of beneficial mutation {unknown}
 v - a potion of brilliance {unknown}
Comestibles
 d - 7 bread rations {@e1}
 i - 2 beef jerkies
 l - a slice of pizza
 t - 2 chunks of flesh {@w0}


   Skills:
 - Level 2.4 Fighting
 - Level 2.4 Dodging
 - Level 2.4 Shields
 + Level 7.0 Unarmed Combat


You had 5 spell levels left.
You didn't know any spells.

Dungeon Overview and Level Annotations

Branches:
Dungeon (4/15)
 Temple: D:4-7

Altars:
Nemelex Xobeh
The Shining One

Annotations:
D:4 Pikel


Innate Abilities, Weirdness & Mutations

You are too large for most types of armour.
You have claws for hands.
Your metabolism is lightning-fast.
You like to eat raw meat.
You heal very quickly.
You are covered in fur (AC +1).
You have very tough skin (AC +2).


Message History

You completely miss Pikel.
Pikel is almost dead.
The slave hits you!
* * * LOW HITPOINT WARNING * * *
You scratch Pikel.
Pikel is almost dead.
You block the slave's attack. Pikel hits you with a whip of flaming.
* * * LOW HITPOINT WARNING * * *
Pikel burns you.
* * * LOW HITPOINT WARNING * * *
You closely miss Pikel.
Pikel is almost dead.
The slave hits you!
* * * LOW HITPOINT WARNING * * *
You barely miss Pikel.
Pikel is almost dead.
Pikel hits you with a whip of flaming.
* * * LOW HITPOINT WARNING * * *
Pikel burns you.
You die...

# #####.### ########
#....p.pK
###......#####.....#
..+...... #.##.###.#
.##.... #.##pp@Kp#
.###.## #....###.##.#
.##...# #..<........#
......#####.....#.#####
###.#.............#
#.####..#...#.#.#
#.................
#####.........#####
#....)....#


You could see Pikel and 3 slaves.

Vanquished Creatures
  Duvessa (D:4)
  Dowan (D:4)
  A wasp zombie (D:3)
  An orc priest (D:3)
  An iguana (D:4)
  Natasha (D:3)
  5 adders
  An ooze (D:4)
  4 worms
  2 giant geckos
  3 orcs (D:3)
  8 bats
  3 hobgoblins
  8 jackals
  3 giant newts
  6 goblins
  3 kobolds
  A quokka (D:3)
  A quokka skeleton (D:4)
  9 rats
63 creatures vanquished.

Notes
Turn   | Place    | Note
--------------------------------------------------------------
     0 | D:1      | ReteAZ the Troll Fighter began the quest for the Orb.
     0 | D:1      | Reached XP level 1. HP: 22/22 MP: 0/0
    53 | D:1      | Reached XP level 2. HP: 29/29 MP: 1/1
   188 | D:1      | Reached skill level 3 in Unarmed Combat
   219 | D:1      | You fall through a shaft!
   523 | D:1      | Found a sparkling altar of Nemelex Xobeh.
   808 | D:2      | Reached XP level 3. HP: 36/36 MP: 2/2
  1113 | D:2      | Reached skill level 4 in Unarmed Combat
  1525 | D:3      | Reached XP level 4. HP: 12/44 MP: 3/3
  1713 | D:3      | Reached skill level 5 in Unarmed Combat
  2129 | D:3      | Noticed Natasha
  2136 | D:3      | Killed Natasha
  2136 | D:3      | Reached XP level 5. HP: 46/50 MP: 4/4
  2295 | D:3      | Found a glowing golden altar of the Shining One.
  2296 | D:3      | Found a sparkling altar of Nemelex Xobeh.
  2375 | D:4      | Noticed Duvessa
  2375 | D:4      | Noticed Dowan
  2380 | D:4      | Killed Duvessa
  2380 | D:4      | Reached skill level 6 in Unarmed Combat
  2380 | D:4      | Reached XP level 6. HP: 54/59 MP: 5/5
  2384 | D:4      | Killed Dowan
  2414 | D:4      | Reached skill level 7 in Unarmed Combat
  2493 | D:4      | Noticed Pikel
  2496 | D:4      | Got a warped trident
  2509 | D:4      | HP: 1/59 [Pikel/whip of flaming (6)]
  2509 | D:4      | Slain by Pikel

Vault maps used:
D:1:      tarquinn_simple_flora_water_c, hex_intersection, nemelex_altar_shiori
D:2:      first_bread, serial_forest, infiniplex_forest_end_1,
          infiniplex_forest_corner_1, infiniplex_forest_corner_1,
          infiniplex_forest_lined_2, infiniplex_forest_lined_3,
          infiniplex_forest_clump_tiny
D:3:      gammafunk_temple_overflow_statue, grunt_ministairs_7, uniq_natasha
D:4:      marbit_many_paths, temple_hall, tgw_sif, uniq_pikel, uniq_duvessa

Action                   |  1- 3 |  4- 6 || total
-------------------------+-------+-------++-------
Melee: Unarmed           |   107 |    65 ||   172
  Eat: Chunk             |    14 |    14 ||    28
